 Dungeon Crawl Stone Soup version 0.23-a0-629-gae4348f (webtiles) character file.

434 galech the Chopper (level 6, -4/48 HPs)
             Began as a Demonspawn Fighter on Dec 26, 2018.
             Killed by nerve-wracking pain
             ... invoked by an orc priest
              (14 damage)
             ... on level 4 of the Dungeon.
             The game lasted 00:02:50 (1846 turns).

galech the Chopper (Demonspawn Fighter)             Turns: 1846, Time: 00:02:51

Health: -4/48      AC: 16    Str: 20    XL:     6   Next: 68%
Magic:  6/6        EV:  6    Int: 10    God:
Gold:   140        SH: 10    Dex: 17    Spells: 5/5 levels left

rFire    . . .     SeeInvis .   s - +3 hand axe (flame)
rCold    . . .     Gourm    .   c - +0 shield
rNeg     . . .     Faith    .   t - +4 chain mail {rPois}
rPois    +         Spirit   .   i - +2 hat
rElec    .         Reflect  .   d - +0 cloak
rCorr    .         Harm     +   (no gloves)
MR       .....                  (no boots)
Stlth    ..........             m - amulet of harm
HPRegen  0.16/turn              n - +3 ring of dexterity
MPRegen  0.10/turn              o - +4 ring of strength

@: no status effects
A: antennae 1
a: no special abilities


You were on level 4 of the Dungeon.
You were not hungry.

You visited 1 branch of the dungeon, and saw 4 of its levels.

You collected 140 gold pieces.

Inventory:

Hand Weapons
 s - a +3 hand axe of flaming (weapon)
Armour
 c - a +0 shield (worn)
 d - a +0 cloak (worn)
 i - a +2 hat (worn)
 t - a +4 chain mail of poison resistance (worn)
Jewellery
 a - an uncursed ring of magical power
 m - an amulet of harm (around neck)
 n - a +3 ring of dexterity (left hand)
 o - a +4 ring of strength (right hand)
Wands
 q - a wand of polymorph (18)
Scrolls
 e - 4 scrolls of teleportation
 h - 2 scrolls of remove curse
 k - a scroll of fog
 p - a scroll of enchant armour
 u - a scroll of random uselessness {unknown}
Potions
 g - a potion of brilliance {unknown}
 j - a potion of agility {unknown}
 l - 2 potions of invisibility {unknown}
 r - 2 potions of haste {unknown}
 v - a potion of mutation {unknown}
Comestibles
 b - 3 chunks of flesh
 f - 5 rations


   Skills:
 + Level 3.9 Fighting
 + Level 4.8 Axes
 + Level 3.3 Armour
 + Level 1.1 Dodging
 + Level 0.2 Stealth
 + Level 3.8 Shields


You had 5 spell levels left.
You didn't know any spells.
Your spell library was empty.

Dungeon Overview and Level Annotations

Branches:
Dungeon (4/15)
 Temple: D:4-7

Altars:
Nemelex Xobeh


Innate Abilities, Weirdness & Mutations

You have a pair of small antennae on your head.


Message History

You slash the orc wizard! You burn the orc wizard!
You kill the orc wizard!
You hit the orc priest but do no damage.
You hit the scorpion but do no damage.
The orc priest begins to cast a cantrip, but forgets the words!
You block the scorpion's attack.
The orc priest mumbles some strange prayers to Beogh against you.
Beogh smites you!
* * * LOW HITPOINT WARNING * * *
You block the scorpion's attack.
Things that are here:
a +0 dagger; a +0 robe; an orc corpse You hit the scorpion but do no damage.
The scorpion is moderately wounded.
You hit the orc priest. You burn the orc priest.
The orc priest hits you but does no damage.
You block the scorpion's attack.
The orc priest calls down the wrath of Beogh upon you.
Pain shoots through your body!
You die...

<# #####....##
.# ##..## .#
#..# .# #..# .#
#..# .# ##..#
.# ##...# ##
...#..#.##
......s@o#
.(.>.##........
##### #........
#........
#........
#........
#..$.....
#........


You could see a scorpion and an orc priest.

Vanquished Creatures
  Sigmund (D:2)
  A hound (D:4)
  An orc priest (D:4)
  2 orc wizards (D:4)
  Terence (D:2)
  5 adders
  An ooze (D:1)
  An adder skeleton (D:4)
  4 dart slugs
  5 leopard geckos
  12 orcs
  4 bats (D:3)
  3 giant cockroaches (D:4)
  5 hobgoblins
  5 jackals
  A quokka (D:2)
  A ball python (D:2)
  6 frilled lizards
  6 goblins
  A rat (D:2)
66 creatures vanquished.

Notes
Turn   | Place    | Note
-------+----------+-------------------------------------------
     0 | D:1      | galech the Demonspawn Fighter began the quest for the Orb.
     0 | D:1      | Reached XP level 1. HP: 18/18 MP: 1/1
   170 | D:1      | Gained mutation: You have a pair of small antennae on your
                  | head. [demonic ancestry]
   170 | D:1      | Reached XP level 2. HP: 22/24 MP: 2/2
   188 | D:1      | Reached skill level 2 in Axes
   558 | D:2      | Found a sparkling altar of Nemelex Xobeh.
   574 | D:2      | Noticed Terence
   580 | D:2      | Killed Terence
   580 | D:2      | Reached XP level 3. HP: 29/29 MP: 3/3
   742 | D:2      | Reached XP level 4. HP: 35/35 MP: 4/4
   770 | D:2      | Noticed Sigmund
   781 | D:2      | Killed Sigmund
   781 | D:2      | Reached skill level 3 in Axes
   781 | D:2      | Reached XP level 5. HP: 42/42 MP: 5/5
  1413 | D:3      | Reached XP level 6. HP: 48/48 MP: 6/6
  1557 | D:3      | Reached skill level 4 in Axes
  1739 | D:4      | Reached skill level 1 in Dodging
  1846 | D:4      | Killed from afar by an orc priest

Vault maps used:
D:1:      eino_arrival_tree_alley, dk_noncrumbling_3
D:2:      overflow_temple_1_default, uniq_terence, uniq_sigmund
D:4:      first_ration

Skill      XL: |  1  2  3  4  5  6 |
---------------+-------------------+-----
Shields        | 3 |  3.8
Axes           | 2 3 4 |  4.8
Armour         | 3 |  3.3
Dodging        | 1 |  1.1
Fighting       | |  3.9
Stealth        | |  0.2

Action                   |  1- 3 |  4- 6 || total
-------------------------+-------+-------++-------
Melee: War axe           |    26 |       ||    26
       Hand axe          |    18 |   137 ||   155
  Use: Potion            |       |     1 ||     1
       Scroll            |       |     6 ||     6
  Eat: Chunk             |       |     3 ||     3
Armor: Scale mail        |    12 |       ||    12
       Chain mail        |     9 |   105 ||   114
Dodge: Dodged            |     5 |    28 ||    33
Block: Shield            |    21 |    86 ||   107

Table legend:
 A = Non-vault XP
 B = Vault XP
 C = Vault XP percentage of total XP
 D = Non-vault monster count
 E = Vault monster count
 F = Vault count percentage of total count
                 A         B        C        D         E       F
            +---------+---------+-------+---------+---------+-------
      Total |     362 |     259 |  41.7 |      64 |       2 |   3.0
            +---------+---------+-------+---------+---------+-------
        D:1 |      28 |       0 |   0.0 |       8 |       0 |   0.0
        D:2 |      52 |     259 |  83.3 |      11 |       2 |  15.4
        D:3 |      61 |       0 |   0.0 |      29 |       0 |   0.0
        D:4 |     221 |       0 |   0.0 |      16 |       0 |   0.0
            +---------+---------+-------+---------+---------+-------
